 Dungeon Crawl Stone Soup version 0.21-a0-91-ga5031da (webtiles) character file.

123 HAL9000 the Insei (level 4, -3/35 HPs)
             Began as a Draconian Transmuter on June 29, 2017.
             Slain by an orc
             ... wielding a +0 falchion
              (6 damage)
             ... on level 3 of the Dungeon on June 30, 2017.
             The game lasted 00:05:57 (2240 turns).

HAL9000 the Insei (Draconian Transmuter)            Turns: 2240, Time: 00:05:57

Health: -3/35      AC:  6    Str: 12    XL:     4   Next: 79%
Magic:  3/7        EV: 12    Int: 13    God:
Gold:   139        SH:  0    Dex: 13    Spells: 1/7 levels left

rFire    + . .     SeeInvis .     - Unarmed
rCold    . . .     Gourm    .   (no shield)
rNeg     . . .     Faith    .   (armour unavailable)
rPois    .         Spirit   .   (helmet restricted)
rElec    .         Reflect  .   (no cloak)
rCorr    .         Harm     .   (no gloves)
MR       .....                  i - +0 pair of boots
Stlth    +.........             (no amulet)
HPRegen  0.11/turn              e - ring of protection from fire
MPRegen  0.10/turn              (no ring)

@: no status effects
A: unfitting armour, cold-blooded, AC +5
a: no special abilities


You were on level 3 of the Dungeon.
You were not hungry.

You visited 1 branch of the dungeon, and saw 3 of its levels.

You collected 139 gold pieces.

Inventory:

Missiles
 a - 35 arrows
Armour
 i - a +0 pair of boots (worn)
 s - a +0 shield
Jewellery
 e - a ring of protection from fire (left hand)
 j - an uncursed amulet of guardian spirit
 t - an uncursed ring of flight {unknown}
Scrolls
 f - 3 scrolls of recharging {unknown}
 g - a scroll of magic mapping {unknown}
 l - a scroll of teleportation {unknown}
 o - 3 scrolls of identify {unknown}
 q - a scroll of remove curse {unknown}
 r - a scroll of immolation {unknown}
Potions
 h - 2 potions of haste {unknown}
 m - 4 potions of curing {unknown}
Books
 b - a book of Changes

   Spells                             Type                      Level
   a - Beastly Appendage              Transmutation                1
   b - Sticks to Snakes               Transmutation                2
   c - Spider Form                    Transmutation/Poison         3
   d - Ice Form                       Ice/Transmutation            4
   e - Blade Hands                    Transmutation                5
 u - a book of Callings

   Spells                             Type                      Level
   a - Summon Small Mammal            Summoning                    1
   b - Call Imp                       Summoning                    2
   c - Call Canine Familiar           Summoning                    3
   d - Summon Guardian Golem          Hexes/Summoning              3
   e - Summon Lightning Spire         Summoning/Air                4
   f - Summon Ice Beast               Ice/Summoning                4
Comestibles
 c - 3 bread rations
 k - 2 meat rations


   Skills:
 - Level 1.1 Fighting
 - Level 1.7 Dodging
 + Level 4.6 Unarmed Combat
 - Level 2.0 Spellcasting
 + Level 3.6 Transmutations


You had one spell level left.
You knew the following spells:

 Your Spells              Type           Power        Failure   Level  Hunger
a - Beastly Appendage     Tmut           ##....       5%          1    ##.....
b - Sticks to Snakes      Tmut           ##......     9%          2    ###....
c - Spider Form           Tmut/Pois      #.........   34%         3    ####...


Dungeon Overview and Level Annotations

Branches:
Dungeon (3/15)

Altars:
Makhleb
Vehumet


Innate Abilities, Weirdness & Mutations

Your plain brown scales are hard. (AC +5)
You cannot fit into any form of body armour.
You are cold-blooded and may be slowed by cold attacks.


Message History

The orc dies!
The orc hits you with a falchion. The orc wizard hits you with a dagger.
* * * LOW HITPOINT WARNING * * *
Items here: ) [ †† a ring mail; a halberd; an orc corpse; a frilled lizard corpse The orc wizard misses your adder.
Something closely misses your adder.
Your adder barely misses the orc wizard.
The orc wizard hits your adder with a dagger.
Your adder barely misses the orc wizard.
Your adder withers and dies!
The orc wizard points at you and mumbles some strange words.
The puff of flame misses you. The orc wizard casts a spell at you.
The puff of frost hits you!
* * * LOW HITPOINT WARNING * * *
The orc closely misses you.
There is a stone staircase leading up here.
Unknown command.
The orc hits you with a falchion.
You die...

#.#####.#.# #.##......#
#.##.##...####### #.##
#...#...... #.# #...^......
########.# #..........
.........# #.#.#.##.#
####.#.### #.#.#.# #.#.# #
#.#@#.##.# .. #...###.
#.#o#.##.#....#
#.####...##o#...........#
####...)..#....[...##.##.#.##
......##....##.###.##.# ...#
.###>###.#.# #.# #.##.# #..#
.....# # #.# #.##.####..#
.###.# #<###..........# ##
#.# #.###.##.#.#.####..#


You could see an orc.

Vanquished Creatures
  Jessica (D:3)
  A gnoll (D:3)
  3 adders
  A worm (D:2)
  A dart slug (D:1)
  2 leopard geckos
  A ball python (D:1)
  7 bats
  A giant cockroach (D:2)
  5 goblins
  9 hobgoblins
  A quokka (D:2)
  3 frilled lizards
  9 kobolds
  11 rats
56 creatures vanquished.

Vanquished Creatures (collateral kills)
  An orc (D:3)
1 creature vanquished.

Grand Total: 57 creatures vanquished

Notes
Turn   | Place    | Note
-------+----------+-------------------------------------------
     0 | D:1      | HAL9000 the Draconian Transmuter began the quest for the Orb.
     0 | D:1      | Reached XP level 1. HP: 16/16 MP: 3/3
   123 | D:1      | Reached XP level 2. HP: 21/23 MP: 3/5
   366 | D:1      | Learned a level 2 spell: Sticks to Snakes
   760 | D:2      | Found a radiant altar of Vehumet.
   764 | D:2      | Reached XP level 3. HP: 28/28 MP: 6/6
   936 | D:2      | Reached skill level 4 in Unarmed Combat
  1664 | D:2      | Reached XP level 4. HP: 34/35 MP: 7/7
  1744 | D:2      | Learned a level 3 spell: Spider Form
  1896 | D:3      | Noticed Jessica
  1910 | D:3      | Killed Jessica
  1911 | D:3      | Found a burning altar of Makhleb.
  2240 | D:3      | Slain by an orc

Vault maps used:
D:1:      dpeg_arrival_rooms_b
D:2:      mumra_celtic_spiral_tile, lemuel_round_altar, first_bread
D:3:      overflow_temple_1_default, serial_bayou_lake_a, uniq_jessica

Skill      XL: |  1  2  3 |
---------------+----------+-----
Unarmed Combat | 4 |  4.6
Transmutations | 3 |  3.6
Fighting       | |  1.1
Dodging        | |  1.7
Spellcasting   | |  2.0

Action                   |  1- 3 |  4- 6 || total
-------------------------+-------+-------++-------
Melee: Unarmed           |   149 |    32 ||   181
       Tailslap          |    18 |     3 ||    21
       Headbutt          |     7 |       ||     7
       Kick              |     1 |       ||     1
       Punch             |     1 |       ||     1
 Cast: Beastly Appendage |    18 |       ||    18
       Sticks to Snakes  |       |     3 ||     3
       Spider Form       |       |     1 ||     1
 Abil: End Transformatio |       |     1 ||     1
 Stab: Sleeping          |     1 |       ||     1
  Eat: Chunk             |     3 |     2 ||     5
Armor: Skin              |    49 |     5 ||    54
Dodge: Dodged            |    97 |    24 ||   121
